 Dungeon Crawl Stone Soup version 0.30-a0-305-g026cb31310 (webtiles) character file.

Game seed: 12724734691819712849

3387 Lanoc the Unseen (level 9, -5/56 HPs)
             Began as a Vampire Brigand on Oct 22, 2022.
             Was a Follower of Wu Jian.
             Slain by Grum
             ... wielding a +0 halberd
              (10 damage)
             ... on level 8 of the Dungeon.
             The game lasted 00:15:23 (7003 turns).

Lanoc the Unseen (Vampire Brigand)                  Turns: 7003, Time: 00:15:24

Health: -5/56      AC: 13    Str: 12    XL:     9   Next: 74%
Magic:  18/18      EV: 12    Int: 13    God:    Wu Jian [*.....]
Gold:   55         SH:  0    Dex: 22    Spells: 8/8 levels left

rFire   . . .      SeeInvis +    b - +11 war axe of Fragile Peace {vorpal, Fragile rCorr Dex+4 SInv}
rCold   + + .      Faith    .    (no shield)
rNeg    + + +      Spirit   .    I - +0 pearl dragon scales
rPois   ∞          Reflect  .    o - +1 helmet
rElec   .          Harm     .    c - +0 cloak
rCorr   +          Rampage  .    (no gloves)
Will    +....                    (no boots)
Stlth   +++++++...               (no amulet)
HPRegen 0.00/turn                q - +4 ring of slaying
MPRegen 0.16/turn                k - ring of Tycwyoze {rN+ Will+ MP+9}

@: bloodless, inhibited regen
A: bloodless, fangs 3, see invisible, vampiric 2
a: Bat Form, Revivify, Renounce Religion


You were on level 8 of the Dungeon.
You worshipped Wu Jian.
Wu Jian was aware of your devotion.
You visited 2 branches of the dungeon, and saw 9 of its levels.
You also visited: Sewer.

You collected 374 gold pieces.
You spent 319 gold pieces at shops.

Inventory:

Hand Weapons
 b - the +11 war axe of Fragile Peace (weapon) {vorpal, Fragile rCorr Dex+4 SInv}
   (You took it off a goblin on level 4 of the Dungeon)

   It inflicts extra damage upon your enemies.
   Dex:       It affects your dexterity (+4).
   SInv:      It lets you see invisible.
   rCorr:     It protects you from acid and corrosion.
   Fragile:   It will be destroyed if unequipped.
 l - a +2 dagger of speed
Missiles
 d - 25 poisoned darts (quivered)
 e - 7 curare-tipped darts
Armour
 a - a +2 ring mail of cold resistance
 c - a +0 cloak (worn)
 o - a +1 helmet (worn)
 I - +0 pearl dragon scales (worn)
Jewellery
 j - a ring of protection from fire
 k - the ring of Tycwyoze (right hand) {rN+ Will+ MP+9}
   (You found it in a sewer)

   [ring of willpower]

   rN:        It protects you from negative energy.
   MP:        It affects your magic capacity (+9).
   Will:      It increases your willpower.
 q - a +4 ring of slaying (left hand)
 A - a ring of resist corrosion
 K - a ring of flight
Wands
 t - a wand of iceblast (10)
 z - a wand of digging (12)
 B - a wand of mindburst (11)
 E - a wand of acid (21)
 F - a wand of paralysis (20)
Scrolls
 h - 2 scrolls of blinking
 n - a scroll of summoning {unknown}
 p - 3 scrolls of poison
 r - 2 scrolls of magic mapping
 u - 2 scrolls of torment {unknown}
 v - 2 scrolls of brand weapon {unknown}
 w - 4 scrolls of teleportation {unknown}
 x - 2 scrolls of noise {unknown}
 y - a scroll of immolation
 H - a scroll of butterflies {unknown}
Potions
 f - 2 potions of ambrosia
 g - 3 potions of haste
 i - 4 potions of heal wounds
 m - 2 potions of curing
 s - 2 potions of brilliance
 C - a potion of magic
 D - a potion of attraction
 G - a potion of flight
 J - a potion of cancellation {unknown}


   Skills:
 + Level 6.5 Fighting
 - Level 3.7 Short Blades
 - Level 1.5 Throwing
 + Level 6.9 Dodging
 * Level 15.9 Stealth


You had 8 spell levels left.
You didn't know any spells.
Your spell library contained the following spells:

 Spells                   Type           Power      Damage    Failure   Level
 Summon Small Mammal      Summ           0%         N/A       94%         1
 Call Canine Familiar     Summ           0%         N/A       100%        3
 Summon Guardian Golem    Hex/Summ       0%         N/A       100%        3
 Manifold Assault         Tloc           0%         N/A       100%        4
 Dispersal                Tloc           0%         N/A       100%        6
 Disjunction              Tloc           0%         N/A       100%        8


Dungeon Overview and Level Annotations

Branches:
Dungeon (8/15)             Temple (1/1) D:6           Sewer (visited)
   Lair: D:8-11

Altars:
Okawaru
Ru
Vehumet
Wu Jian
Yredelemnul

Shops:
D:7 *

Annotations:
D:6 3 runed translucent doors, Bane11's ghost, novice DsGl
D:8 Grum


Innate Abilities, Weirdness & Mutations

You do not regenerate when monsters are visible.
You are frail without blood (-20% HP).
You can heal yourself when you bite living creatures.
You are immune to poison.
You have razor-sharp teeth.
You have supernaturally acute eyesight. (SInv)
You are afflicted with vampirism and can become a bat while bloodless.


Message History

You hit the wolf.
You kill the wolf!
The Council accepts your kill.
You slash the wolf! The wolf barely misses you. The wolf closely misses you.
Grum glances around and shouts, "Duke!
Here boy!"
Grum closely misses you. The wolf barely misses you.
The wolf bites you but does no damage.
You slash the wolf!
You kill the wolf!
The Council accepts your kill.
You hit the wolf. The wolf bites you but does no damage. The wolf bites you.
Grum glances around and shouts, "Pluto!
Here boy!"
Grum misses you.
The wolf bites you but does no damage. x2
Grum closely misses you.
You are too injured to fight recklessly!
You slice the wolf!!
You kill the wolf!
The Council accepts your kill.
You hit the wolf but do no damage. The wolf misses you.
The wolf closely misses you.
Grum hits you from afar with a +0 halberd!!
* * * LOW HITPOINT WARNING * * *
The wolf closely misses you.
You feel much better. The wolf closely misses you.
Grum hits you from afar with a +0 halberd!
The wolf barely misses you.
You hit the wolf but do no damage.
The wolf is moderately wounded.
The wolf bites you but does no damage. Grum closely misses you.
The wolf bites you!
* * * LOW HITPOINT WARNING * * *
Grum completely misses you.
You slash the wolf!
You kill the wolf!
The Council accepts your kill.
Grum hits you from afar with a +0 halberd!
* * * LOW HITPOINT WARNING * * *
You lunge at Grum, but your attack speed is too slow for a blow to land.
Grum hits you with a +0 halberd!
You die...

## . .# #. .## .#.
.. .(. .# # . #.#
##.#.####
.####.####........
..........@g#
##.....##.##
#.....##.# ###
##.....##.# #..
#.......#..
###.####.##.##)###
..........#.##.#
.##.†)##..#.##.#
.##.).##..#.##.#


You could see Grum.

Vanquished Creatures
  Psyche (D:8)
  Grinder (D:5)
  An acid dragon (D:6)
  3 orc warriors
  2 sky beasts
  An ice beast (D:6)
  4 wolves (D:8)
  A centaur (D:7)
  Blork the orc (D:6)
  4 bullfrogs
  2 necrophages
  4 scorpions
  3 howler monkeys
  4 hounds (D:5)
  A jelly (D:6)
  A gnoll bouda (D:7)
  5 orc priests
  2 iguanas (D:7)
  9 orc wizards
  Robin (D:2)
  12 gnolls
  9 adders
  A shadow imp (D:5)
  2 ufetubi
  2 worms (D:1)
  16 dart slugs
  35 orcs
  21 ball pythons
  16 endoplasms
  11 giant cockroaches
  12 goblins
  10 hobgoblins
  4 jackals (D:2)
  8 kobolds
  8 quokkas
  2 bats (D:1)
  9 frilled lizards
  4 rats
233 creatures vanquished.

Vanquished Creatures (others)
  2 plants (D:8)
2 creatures vanquished.

Grand Total: 235 creatures vanquished

Notes
Turn   | Place    | Note
-------+----------+-------------------------------------------
     0 | D:1      | Lanoc the Vampire Brigand began the quest for the Orb.
     0 | D:1      | Reached XP level 1. HP: 16/16 MP: 1/1
    52 | D:1      | Reached skill level 6 in Stealth
    65 | D:1      | Reached XP level 2. HP: 3/17 MP: 2/2
   371 | D:1      | Gained mutation: You are afflicted with vampirism and can
                  | become a bat while bloodless. [Vampire growth]
   371 | D:1      | Reached XP level 3. HP: 21/21 MP: 3/3
   872 | D:2      | Noticed Robin
   888 | D:2      | Reached skill level 7 in Stealth
  1066 | D:2      | Killed Robin
  1235 | D:2      | Found a faded altar of an unknown god.
  1312 | D:2      | Reached XP level 4. HP: 27/27 MP: 4/4
  1818 | D:3      | Reached skill level 8 in Stealth
  1835 | D:3      | Reached XP level 5. HP: 31/31 MP: 5/5
  3029 | D:4      | Found a glowing drain.
  3039 | D:4      | Identified the +11 war axe of Fragile Peace {vorpal,
                  | Fragile rCorr Dex+4 SInv}
  3097 | Sewer    | Entered a sewer
  3283 | Sewer    | Reached skill level 9 in Stealth
  3283 | Sewer    | Reached XP level 6. HP: 31/37 MP: 6/6
  3384 | Sewer    | Identified the ring of Tycwyoze {rN+ Will+ MP+9}
  3745 | D:4      | Found an ornate altar of the Wu Jian Council.
  3823 | D:5      | Entered Level 5 of the Dungeon
  3850 | D:5      | Reached skill level 10 in Stealth
  3953 | D:5      | Reached XP level 7. HP: 42/42 MP: 7/7
  4014 | D:5      | Noticed Grinder
  4021 | D:5      | Paralysed by Grinder for 2 turns
  4024 | D:5      | Killed Grinder
  4025 | D:5      | Reached skill level 11 in Stealth
  4455 | D:5      | Reached XP level 8. HP: 48/48 MP: 8/8
  4560 | D:4      | Noticed a spectral centipede
  4560 | D:4      | Noticed a spectral black mamba
  4561 | D:4      | Became a worshipper of the Wu Jian Council
  4613 | D:6      | Reached skill level 12 in Stealth
  4725 | D:6      | Reached skill level 5 in Fighting
  4811 | D:6      | Found a staircase to the Ecumenical Temple.
  4965 | D:6      | Reached skill level 13 in Stealth
  4970 | D:6      | Reached skill level 5 in Dodging
  5253 | D:6      | Noticed Blork the orc
  5263 | D:6      | Killed Blork the orc
  5565 | D:6      | Found a runed translucent gate.
  5566 | D:6      | Found a runed translucent gate.
  5566 | D:6      | Noticed Bane11's ghost (novice DsGl)
  5567 | D:6      | Found a runed translucent gate.
  5733 | Temple   | Entered the Ecumenical Temple
  5984 | D:7      | Reached skill level 14 in Stealth
  5984 | D:7      | Reached XP level 9. HP: 36/54 MP: 9/9
  6235 | D:7      | Reached * piety under Wu Jian
  6571 | D:7      | Found Leckiw's Assorted Antiques.
  6591 | D:7      | Bought a scroll labelled OGAN IGEAKHLURPH for 29 gold
                  | pieces
  6591 | D:7      | Bought 2 potions of heal wounds for 290 gold pieces
  6891 | D:8      | Reached skill level 15 in Stealth
  6969 | D:8      | Noticed Psyche
  6975 | D:8      | Killed Psyche
  6992 | D:8      | Noticed Grum
  6999 | D:8      | HP: 2/56 [Grum/+0 halberd (25)]
  7003 | D:8      | Slain by Grum

Illustrated notes

Levels and vault maps discovered:
D:1:      nzn_arrival_depleted_hourglass, layout_rooms, roderic_roman_lattice,
          nicolae_wormholes
D:2:      layout_basic, hellmonk_ecumenical_altar_leap_of_faith, uniq_robin
D:3:      kennysheep_slugbush, layout_basic, nrook_mini_vaults, st_stairs_7,
          hangedman_glass_teeth, grunt_decor_clamped
D:4:      layout_gridville, pdpol_wu_jian_five_deadly_venoms,
          portal_sewer_entry_a
D:5:      layout_loops_ring, uniq_grinder
D:6:      layout_layer_cave, minmay_temple_entry_sparse_star,
          ebering_ghost_rock_garden, uniq_blork_the_orc
D:7:      layout_basic, serial_shops, shop
D:8:      layout_loops_cross, chequers_big_river, grunt_ministairs_1, uniq_grum,
          uniq_psyche
Temple:   compressed_dpeg_triangle_lava_temple

Skill      XL: |  1  2  3  4  5  6  7  8  9 |
---------------+----------------------------+-----
Stealth        | 6 7 8 9 10 11 14 15 | 15.9
Fighting       | 2 3 4 5 6 |  6.5
Short Blades   | 3 |  3.7
Dodging        | 2 3 5 6 |  6.9
Throwing       | |  1.5

Action                   |  1- 3 |  4- 6 |  7- 9 || total
-------------------------+-------+-------+-------++-------
Melee: Dagger            |    92 |    96 |       ||   188
       Bite              |     9 |     5 |    10 ||    24
       Punch             |       |     1 |     1 ||     2
       War axe           |       |    85 |   159 ||   244
Throw: Dart              |       |     2 |       ||     2
Invok: Lunge             |       |       |    13 ||    13
 Abil: Exsanguinate      |     1 |       |       ||     1
  Use: Potion            |       |     1 |     3 ||     4
       Scroll            |       |    11 |     3 ||    14
 Stab: Sleeping          |     9 |    28 |    16 ||    53
       Distracted        |       |     3 |     2 ||     5
Armor: Robe              |     8 |       |       ||     8
       Ring mail         |    22 |    69 |    24 ||   115
       Pearl dragon scal |       |       |    50 ||    50
Dodge: Dodged            |    34 |    79 |    83 ||   196

Table legend: (Time is in decaauts)
 A = Elapsed time spent in this place.
 B = Non-inter-level travel time spent in this place.
 C = Inter-level travel time spent in this place.
 D = Time resting spent in this place.
 E = Time spent auto-exploring this place.
 F = Levels seen in this place.
 G = Mean time per level.
                   A        B        C        D        E       F      G
               +--------+--------+--------+--------+--------+-----+--------+
         Total |   7119 |   6746 |    373 |    161 |   5052 |  10 |  711.9 |
       Dungeon |   6716 |   6343 |    373 |    161 |   4929 |   8 |  839.5 |
        Temple |      1 |      1 |      0 |      0 |      0 |   1 |    1.0 |
         Sewer |    401 |    401 |      0 |      0 |    122 |   1 |  401.0 |
               +--------+--------+--------+--------+--------+-----+--------+

Top non-repeatable levels by time:
     D:6: 1318 daAuts
     D:3: 1202 daAuts
     D:7: 958 daAuts
     D:4: 819 daAuts
     D:2: 818 daAuts
     D:5: 740 daAuts
     D:1: 668 daAuts
   Sewer: 401 daAuts
     D:8: 189 daAuts
  Temple: 1 daAuts
